 Dungeon Crawl Stone Soup version 0.25-a0-316-gd28d56f9c5 (webtiles) character file.

Game seed: 7087476088281082714, levelgen mode: deterministic

22477 Gremour the Warrior (level 13, -4/92 HPs)
             Began as a Gargoyle Monk on Dec 24, 2019.
             Was an Elder of the Shining One.
             Slain by a stone giant (11 damage)
             ... on level 1 of the Orcish Mines.
             The game lasted 01:11:22 (17017 turns).

Gremour the Warrior (Gargoyle Monk)                Turns: 17017, Time: 01:11:23

Health: -4/92      AC: 25    Str: 21    XL:     13   Next: 0%
Magic:  18/18      EV:  8    Int: 10    God:    the Shining One [****..]
Gold:   986        SH:  0    Dex: 19    Spells: 12/12 levels left

rFire    . . .     SeeInvis +   a - +7 trident of Massacring {venom, *Corrode rN+ Dex+4 SInv}
rCold    . . .     Gourm    .   (no shield)
rNeg     + + +     Faith    .   m - +0 plate armour
rPois    ∞         Spirit   .   (helmet restricted)
rElec    +         Reflect  .   i - +0 cloak
rCorr    +         Harm     .   L - +0 pair of gloves
MR       .....                  (no boots)
Stlth    ..........             (no amulet)
HPRegen  0.25/turn              B - ring of resist corrosion
MPRegen  0.16/turn              H - +3 ring of strength

@: glowing
A: horns 1, negative energy resistance 1, electricity resistance, unbreathing,
petrification resistance, rot immunity, MP-powered wands, AC +9
a: Divine Shield, Cleansing Flame, Renounce Religion


You were on level 1 of the Orcish Mines.
You worshipped the Shining One.
The Shining One was greatly pleased with you.
You were not hungry.

You visited 2 branches of the dungeon, and saw 12 of its levels.

You collected 1552 gold pieces.
You spent 566 gold pieces at shops.

Inventory:

Hand Weapons
 a - the +7 trident of Massacring (weapon) {venom, *Corrode rN+ Dex+4 SInv}
   (You found it on level 6 of the Dungeon)

   It poisons the flesh of those it strikes.
   It affects your dexterity (+4).
   It protects you from negative energy.
   It lets you see invisible.
   It may corrode you when you take damage.
 b - the +4 long sword "Metre" {slice, MP+9 Str+4}
   (You found it on level 7 of the Dungeon)

   It inflicts extra damage upon your enemies.
   It affects your strength (+4).
   It affects your magic capacity (+9).
 w - the +1 arbalest "Amaotewi" {freeze, rPois}
   (You bought it in a shop on level 2 of the Orcish Mines)

   It causes projectiles fired from it to freeze those they strike, causing
   extra injury to most foes and up to half again as much damage against
   particularly susceptible opponents.
   They can also slow down cold-blooded creatures.
   It protects you from poison.
 J - the +8 flail "Haan" {crush, +Inv SInv}
   (You found it on level 7 of the Dungeon)

   It inflicts extra damage upon your enemies.
   It lets you see invisible.
   It lets you turn invisible.
 N - a +1 glaive of chopping
Armour
 i - a +0 cloak (worn)
 m - a +0 plate armour (worn)
 A - a +0 troll leather armour
 D - a +2 leather armour of cold resistance
 E - a +2 robe of fire resistance
 L - a +0 pair of gloves (worn)
Magical Staves
 p - an uncursed staff of fire
 v - an uncursed staff of wizardry
Jewellery
 e - an uncursed ring of protection from fire
 j - an uncursed ring of see invisible
 q - an uncursed ring of ice
 B - a ring of resist corrosion (left hand)
 H - a +3 ring of strength (right hand)
Wands
 f - a wand of iceblast (9)
 g - a wand of flame (42)
 u - a wand of disintegration (25)
 F - a wand of polymorph (36)
 I - a wand of digging (6)
Scrolls
 h - a scroll of identify
 l - 2 scrolls of magic mapping
 n - 2 scrolls of teleportation
 o - 2 scrolls of remove curse
 s - a scroll of immolation
Potions
 d - 2 potions of curing
 k - 2 potions of magic
 t - 2 potions of might
 x - 4 potions of resistance
 z - 2 potions of agility
 C - 2 potions of brilliance
 G - 2 potions of flight
Comestibles
 c - 13 rations


   Skills:
 - Level 15.3 Fighting
 + Level 11.8 Polearms
 * Level 7.5 Armour
 - Level 2.4 Dodging
 - Level 2.1 Stealth
 + Level 6.9 Invocations


You had 12 spell levels left.
You didn't know any spells.
Your spell library contained the following spells:

 Spells                   Type           Power        Failure   Level  Hunger
 Animate Skeleton         Necr           N/A          100%        1    ##.....
 Pain                     Necr           #...         100%        1    ##.....
 Regeneration             Chrm/Necr      #.........   100%        3    ####...
 Vampiric Draining        Necr           #.........   100%        3    ####...
 Animate Dead             Necr           N/A          100%        4    #####..


Dungeon Overview and Level Annotations

Branches:
Dungeon (10/15)            Temple (0/1) D:4             Orc (2/2) D:10
    Elf (0/3) Orc:2
   Lair: D:8-11

Altars:
Ashenzari
Cheibriados
Fedhas
Hepliaklqana
Kikubaaqudgha
Okawaru
Ru
Trog
Uskayaw
Vehumet
Xom
Zin
The Shining One
Beogh

Shops:
Orc:2 :??(


Innate Abilities, Weirdness & Mutations

You are resistant to torment.
Your stone body is resilient. (AC +9)
You are immune to poison.
You resist negative energy. (rN+)
You are resistant to electric shocks. (rElec)
You can survive without breathing.
You are immune to petrification.
You are immune to rotting.
You have a pair of small horns on your head.
You expend magic power (3 MP) to strengthen your wands.


Message History

You headbutt the stone giant, but do no damage.
The stone giant is heavily wounded.
The stone giant closely misses you.
You hit the stone giant.
The stone giant is heavily wounded.
You puncture the stone giant!
The stone giant looks as sick as possible!
The stone giant is severely wounded.
The stone giant hits you.
You hit the stone giant but do no damage.
The stone giant looks as sick as possible!
You headbutt the stone giant.
The stone giant is severely wounded.
The stone giant hits you!!
* * * LOW HITPOINT WARNING * * *
You fail to use your ability.
The stone giant barely misses you.
You fail to use your ability.
The stone giant hits you.
* * * LOW HITPOINT WARNING * * *
You feel better. The stone giant hits you!
You die...

############### ############
.....#.......)####.........>#
.....'...(....'(@C..........#
.....#...))[..####..........#
.....#####'#######.(........#
##########(#)))))'..(.....$.#
.........(.#)))))#.......§?(#
##################......$([%#
######## ########'###
.......###### #})#
............#### ####[)#


You could see a stone giant.

Vanquished Creatures
  An ettin (Orc:1)
  Erolcha (Orc:2)
  Harold (D:9)
  A two-headed ogre (D:8)
  3 ogre magi (Orc:2)
  Nergalle (Orc:2)
  7 orc sorcerers
  12 cyclopes (Orc:1)
  Joseph (D:9)
  3 trolls
  A hornet (D:10)
  Grinder (D:6)
  A hippogriff (D:9)
  Sigmund (D:6)
  4 yaks (D:10)
  A hungry ghost (D:9)
  5 wargs (Orc:1)
  Menkaure (D:5)
  3 ice beasts
  13 orc warriors
  A black bear (D:7)
  A sky beast (D:9)
  21 ogres
  4 centaurs
  3 wolves (Orc:1)
  A big kobold (D:9)
  A crocodile (D:9)
  3 bullfrogs
  6 killer bees (D:9)
  4 howler monkeys
  3 crimson imps
  3 bullfrog zombies
  2 jellies
  A centaur skeleton (D:10)
  Crazy Yiuf (D:7)
  A gnoll shaman (Orc:1)
  7 orc priests
  3 hounds
  A bullfrog skeleton (D:6)
  30 orc wizards
  3 iguanas
  Natasha (thrice) (D:4)
  13 worker ants
  A killer bee zombie (D:6)
  A mummy (D:6)
  3 gnolls (Orc:1)
  3 worker ant zombies
  9 adders
  2 shadow imps
  2 oozes
  3 worms
  4 leopard geckos
  55 orcs
  4 giant cockroaches
  6 goblins
  6 hobgoblins
  11 jackals
  10 kobolds
  3 quokkas
  A ball python (D:2)
  9 bats
  8 frilled lizards
  A jackal skeleton (D:6)
  2 leopard gecko skeletons (D:4)
  10 rats
332 creatures vanquished.

Vanquished Creatures (others)
  An orc wizard (Orc:2)
1 creature vanquished.

Grand Total: 333 creatures vanquished

Notes
Turn   | Place    | Note
-------+----------+-------------------------------------------
     0 | D:1      | Gremour the Gargoyle Monk began the quest for the Orb.
     0 | D:1      | Reached XP level 1. HP: 14/14 MP: 1/1
     2 | D:1      | Noticed a gargoyle
     4 | D:1      | Noticed a ghoul
     4 | D:1      | Noticed a formicid
     6 | D:1      | Noticed a dwarf
     6 | D:1      | Noticed a human
     8 | D:1      | Noticed a felid
     8 | D:1      | Noticed a naga
    18 | D:1      | Noticed a vine stalker
    20 | D:1      | Noticed an ogre
    20 | D:1      | Noticed a demonspawn
    22 | D:1      | Noticed a troll
    28 | D:1      | Noticed a minotaur
    28 | D:1      | Noticed a halfling
    30 | D:1      | Noticed an octopode
    30 | D:1      | Noticed a merfolk
    32 | D:1      | Noticed a demigod
    32 | D:1      | Noticed a spriggan
    34 | D:1      | Noticed a tengu
    34 | D:1      | Noticed a draconian
    36 | D:1      | Noticed a vampire
    38 | D:1      | Noticed an elf
    38 | D:1      | Noticed a centaur
   201 | D:1      | Reached XP level 2. HP: 19/20 MP: 2/2
   461 | D:1      | Reached skill level 4 in Fighting
   614 | D:1      | Reached XP level 3. HP: 16/24 MP: 3/3
   861 | D:2      | Found a glowing golden altar of the Shining One.
   870 | D:2      | Became a worshipper of the Shining One
   870 | D:2      | Reached * piety under the Shining One
   870 | D:2      | Reached ** piety under the Shining One
  1072 | D:2      | Found a sacrificial altar of Ru.
  1329 | D:2      | Reached skill level 5 in Fighting
  1743 | D:3      | Found a shimmering altar of Xom.
  2147 | D:3      | Reached XP level 4. HP: 31/31 MP: 4/4
  2158 | D:3      | Found an ancient bone altar of Kikubaaqudgha.
  2407 | D:4      | Found a glowing silver altar of Zin.
  2412 | D:4      | Noticed an ogre
  2715 | D:3      | Gained mutation: You expend magic power (3 MP) to
                  | strengthen your wands. [potion of mutation]
  2715 | D:3      | Gained mutation: You have a pair of small horns on your
                  | head. [potion of mutation]
  2720 | D:4      | Killed an ogre
  2720 | D:4      | Reached skill level 6 in Fighting
  2720 | D:4      | Reached XP level 5. HP: 26/37 MP: 5/5
  2735 | D:4      | Noticed Natasha
  2748 | D:4      | Killed Natasha
  2899 | D:4      | Noticed Natasha
  2917 | D:4      | Killed Natasha
  2917 | D:4      | Reached skill level 7 in Fighting
  2940 | D:4      | Noticed Natasha
  2953 | D:4      | Reached XP level 6. HP: 34/44 MP: 6/6
  2960 | D:4      | Killed Natasha
  3413 | D:4      | Found a staircase to the Ecumenical Temple.
  3455 | D:4      | Reached skill level 8 in Fighting
  3818 | D:4      | Found a hide-covered altar of Uskayaw.
  3831 | D:4      | Reached XP level 7. HP: 47/50 MP: 7/7
  4078 | D:4      | Found a radiant altar of Vehumet.
  4093 | D:4      | Reached skill level 9 in Fighting
  4248 | D:5      | Entered Level 5 of the Dungeon
  4542 | D:5      | Reached *** piety under the Shining One
  4789 | D:5      | Noticed Menkaure
  4813 | D:5      | Killed Menkaure
  4813 | D:5      | Reached skill level 10 in Fighting
  4813 | D:5      | Reached XP level 8. HP: 56/57 MP: 8/8
  4879 | D:5      | Found an iron altar of Okawaru.
  4970 | D:5      | Found a shattered altar of Ashenzari.
  5862 | D:6      | You fall into a shaft and drop 2 floors!
  5970 | D:6      | Noticed Grinder
  5981 | D:6      | Killed Grinder
  5981 | D:6      | Reached skill level 11 in Fighting
  6097 | D:6      | Found a snail-covered altar of Cheibriados.
  6129 | D:6      | Got a dazzling trident
  6133 | D:6      | Identified the +7 trident of Massacring {venom, *Corrode
                  | rN+ Dex+4 SInv} (You found it on level 6 of the Dungeon)
  6153 | D:6      | Noticed Sigmund
  6158 | D:6      | Killed Sigmund
  6168 | D:6      | Reached skill level 12 in Fighting
  6448 | D:6      | Reached XP level 9. HP: 42/66 MP: 9/9
  6905 | D:7      | Found a blossoming altar of Fedhas.
  7063 | D:7      | Got a twisted long sword
  7064 | D:7      | Identified the +4 long sword "Metre" {slice, MP+9 Str+4}
                  | (You found it on level 7 of the Dungeon)
  7093 | D:7      | Found a hazy altar of Hepliaklqana.
  7101 | D:7      | Reached skill level 13 in Fighting
  7123 | D:7      | Found a runed translucent door.
  7126 | D:7      | Noticed Crazy Yiuf
  7131 | D:7      | Killed Crazy Yiuf
  7262 | D:7      | Got a fine flail
  7265 | D:7      | Identified the +8 flail "Haan" {crush, +Inv SInv} (You
                  | found it on level 7 of the Dungeon)
  7560 | D:8      | Reached **** piety under the Shining One
  7766 | D:8      | Reached skill level 14 in Fighting
  7827 | D:8      | Noticed a two-headed ogre
  7861 | D:8      | Killed a two-headed ogre
  7861 | D:8      | Reached XP level 10. HP: 28/76 MP: 10/10
  8087 | D:8      | Found a bloodstained altar of Trog.
  8440 | D:9      | Reached skill level 15 in Fighting
  8807 | D:9      | Reached skill level 1 in Armour
  8839 | D:9      | Reached skill level 1 in Invocations
  9065 | D:9      | Got a smoking long sword
  9068 | D:9      | Identified the cursed +0 long sword "Ymaazeudgh" {slice,
                  | *Slow rPois rC+ Str+4} (You found it on level 9 of the
                  | Dungeon)
  9227 | D:9      | Noticed Harold
  9254 | D:9      | Killed Harold
  9254 | D:9      | Reached skill level 5 in Polearms
  9511 | D:9      | Noticed Joseph
  9530 | D:9      | Killed Joseph
  9891 | D:10     | Entered Level 10 of the Dungeon
  9979 | D:10     | Reached XP level 11. HP: 77/81 MP: 11/13
 10674 | D:10     | Found a staircase to the Orcish Mines.
 11643 | Orc:1    | Entered Level 1 of the Orcish Mines
 11753 | Orc:1    | Noticed a cyclops
 11766 | Orc:1    | Reached skill level 5 in Armour
 11769 | Orc:1    | Noticed a cyclops
 11778 | Orc:1    | Killed a cyclops
 12074 | Orc:1    | Killed a cyclops
 12106 | Orc:1    | Noticed a cyclops
 12107 | Orc:1    | Noticed a cyclops
 12115 | Orc:1    | Killed a cyclops
 12119 | Orc:1    | Killed a cyclops
 12159 | Orc:1    | Noticed a cyclops
 12405 | Orc:1    | Killed a cyclops
 12640 | Orc:1    | Noticed a cyclops
 12651 | Orc:1    | Killed a cyclops
 12689 | Orc:1    | Noticed a cyclops
 12689 | Orc:1    | Noticed a cyclops
 12690 | Orc:1    | Noticed a cyclops
 12704 | Orc:1    | Killed a cyclops
 12715 | Orc:1    | Killed a cyclops
 12715 | Orc:1    | Killed a cyclops
 13022 | Orc:1    | Noticed a cyclops
 13023 | Orc:1    | Noticed a cyclops
 13023 | Orc:1    | Noticed a cyclops
 13037 | Orc:1    | Noticed a stone giant
 13037 | Orc:1    | Noticed an ettin
 13038 | Orc:1    | Killed a cyclops
 13348 | Orc:1    | You fall into a shaft and drop 1 floor!
 13348 | Orc:2    | Entered Level 2 of the Orcish Mines
 13348 | Orc:2    | Noticed an ogre mage
 13350 | Orc:2    | Noticed an orc sorcerer
 13355 | Orc:2    | Killed an ogre mage
 13355 | Orc:2    | Reached XP level 12. HP: 88/88 MP: 7/15
 13423 | Orc:2    | Found a radiant altar of Vehumet.
 13423 | Orc:2    | Noticed Erolcha
 13426 | Orc:2    | Reached skill level 5 in Invocations
 13429 | Orc:2    | Reached skill level 10 in Polearms
 13436 | Orc:2    | Killed Erolcha
 13449 | Orc:2    | Found Ecesaof's Magic Scroll Shop.
 13449 | Orc:2    | Noticed an ogre mage
 13464 | Orc:2    | Killed an ogre mage
 13488 | Orc:2    | Noticed Nergalle
 13496 | Orc:2    | Paralysed by an orc sorcerer for 2 turns
 13531 | Orc:2    | Killed Nergalle
 13794 | Orc:2    | Found an ancient bone altar of Kikubaaqudgha.
 13809 | Orc:2    | Found Ilisamum's Book Shop.
 14105 | Orc:2    | Found a staircase to the Elven Halls.
 14469 | Orc:2    | Found a roughly hewn altar of Beogh.
 14557 | Orc:2    | Noticed an ogre mage
 14568 | Orc:2    | Found a roughly hewn altar of Beogh.
 14568 | Orc:2    | Found Inesm's Magic Scroll Shop.
 14569 | Orc:2    | Found Ihotsev's Antique Weapon Boutique.
 14580 | Orc:2    | Killed an ogre mage
 14639 | Orc:2    | Bought a bone glaive for 310 gold pieces
 14639 | Orc:2    | Identified the cursed +3 glaive of Anger {chop, rPois Str+4
                  | Dex-3} (You bought it in a shop on level 2 of the Orcish
                  | Mines)
 14643 | Orc:2    | Bought a bloodstained arbalest for 256 gold pieces
 14643 | Orc:2    | Identified the +1 arbalest "Amaotewi" {freeze, rPois} (You
                  | bought it in a shop on level 2 of the Orcish Mines)
 15330 | Orc:1    | Killed an ettin
 15664 | Orc:1    | HP: 4/88 [cyclops/large rock (16)]
 16446 | Orc:1    | Reached XP level 13. HP: 84/92 MP: 18/18
 16549 | Orc:1    | Found the +2 robe of Vines {NoPotionHeal Regen+7}
 16553 | Orc:1    | Found the +8 storm bow {elec, penet}
 17014 | Orc:1    | HP: 4/92 [stone giant (31)]
 17017 | Orc:1    | Slain by a stone giant

Levels and vault maps discovered:
D:1:      kb_arrival_jail, layout_basic, due_unseen_surprise
D:2:      layout_loops_ring, old_standard_altar, overflow_temple_1_default,
          grunt_ministairs_6
D:3:      layout_basic, kiku_gazebo_garden_becter, old_standard_altar,
          first_ration, chequers_serial_rivers_micro_a
D:4:      layout_basic, overflow_temple_1_default,
          eat_drink_and_be_merry_uskayaw, vehumet_altar_wand_db,
          temple_fountains, uniq_natasha
D:5:      lemuel_ice_spiral_2, layout_basic, okawaru_trees_1,
          lemuel_round_altar, uniq_menkaure
D:6:      layout_basic, slow_altar_1, uniq_sigmund, uniq_grinder
D:7:      layout_basic, lemuel_round_altar, lemuel_doored_altar,
          chequers_serial_rivers_small_a, grunt_ogre_cave,
          uniq_crazy_yiuf_cottage
D:8:      layout_loops_ring, minmay_misc_feat_x, bloody_trog
D:9:      layout_basic, minmay_lizard_king, uniq_harold, uniq_joseph
D:10:     layout_cave_pods, orc_0_dummy
Orc:1:    giant_chief_lemuel, layout_caves
Orc:2:    kennysheep_orc_mage_school, layout_caves, basic_altar

Skill      XL: |  1  2  3  4  5  6  7  8  9 10 11 12 |
---------------+-------------------------------------+-----
Fighting       | 4 5 6 7 8 10 12 14 15 | 15.3
Polearms       | 5 9 11 | 11.8
Armour         | 4 5 7 |  7.5
Invocations    | 2 4 6 |  6.9
Dodging        | |  2.4
Stealth        | |  2.1

Action                   |  1- 3 |  4- 6 |  7- 9 | 10-12 | 13-15 || total
-------------------------+-------+-------+-------+-------+-------++-------
Melee: Spear             |   153 |       |       |       |       ||   153
       Mace              |    43 |       |       |       |       ||    43
       Long sword        |     4 |    22 |       |       |       ||    26
       Trident           |       |   107 |   211 |   483 |    19 ||   820
       Headbutt          |       |    15 |    41 |   113 |     3 ||   172
Invok: Divine Shield     |       |       |       |     7 |       ||     7
       Cleansing Flame   |       |       |       |     2 |       ||     2
  Use: Scroll            |     5 |       |     1 |    18 |     2 ||    26
       Potion            |       |     4 |     1 |    12 |     2 ||    19
  Eat: Chunk             |     4 |     5 |    10 |    11 |     1 ||    31
       Ration            |       |       |     1 |     7 |     1 ||     9
Armor: Robe              |     4 |       |       |       |       ||     4
       Chain mail        |   123 |       |       |       |       ||   123
       Plate armour      |    20 |   104 |       |       |     1 ||   125
       Leather armour    |       |    14 |    78 |   143 |       ||   235
Dodge: Dodged            |    69 |    49 |   126 |   223 |     5 ||   472
Block: Other             |       |       |       |    11 |       ||    11
       Rpst.: Long sword |     1 |     4 |       |       |       ||     5

Table legend:
 A = Non-vault XP
 B = Vault XP
 C = Vault XP percentage of total XP
 D = Non-vault monster count
 E = Vault monster count
 F = Vault count percentage of total count
                 A         B        C        D         E       F
            +---------+---------+-------+---------+---------+-------
      Total |   12546 |   19565 |  60.9 |     256 |      76 |  22.9
            +---------+---------+-------+---------+---------+-------
        D:1 |      41 |       0 |   0.0 |      23 |       0 |   0.0
        D:2 |      17 |       6 |  26.1 |      11 |       2 |  15.4
        D:3 |      48 |       0 |   0.0 |      16 |       0 |   0.0
        D:4 |     651 |      37 |   5.4 |      31 |       2 |   6.1
        D:5 |     518 |     172 |  24.9 |      18 |       1 |   5.3
        D:6 |     615 |     526 |  46.1 |      12 |       3 |  20.0
        D:7 |     530 |     160 |  23.2 |       7 |       2 |  22.2
        D:8 |    1873 |       0 |   0.0 |      21 |       0 |   0.0
        D:9 |    2060 |    1622 |  44.1 |      41 |       8 |  16.3
       D:10 |    1338 |       0 |   0.0 |      11 |       0 |   0.0
      Orc:1 |    3329 |    8956 |  72.9 |      43 |      25 |  36.8
      Orc:2 |    1526 |    8086 |  84.1 |      22 |      33 |  60.0
            +---------+---------+-------+---------+---------+-------
